 Dungeon Crawl Stone Soup version 0.28-a0-1087-gf3fc490d9d (webtiles) character file.

Game seed: 1567112336827247456

1824 ducksouse the Spear-Bearer (level 8, -5/106 HPs)
             Began as a Minotaur Fighter on Dec 11, 2021.
             Was an Initiate of Makhleb.
             Killed from afar by Maggie (13 damage)
             ... with a bolt of fire
             ... on level 6 of the Dungeon.
             The game lasted 00:30:11 (5518 turns).

ducksouse the Spear-Bearer (Minotaur Fighter)       Turns: 5518, Time: 00:30:12

Health: -5/106     AC: 24    Str: 23    XL:     8   Next: 86%
Magic:  7/7        EV:  2    Int:  5    God:    Makhleb [......]
Gold:   265        SH:  5    Dex: 10    Spells: 7/7 levels left

rFire   + . .      SeeInvis .   a - +0 trident
rCold   + + .      Faith    .   c - +0 buckler
rNeg    . . .      Spirit   .   (armour currently unavailable)
rPois   +          Reflect  .   (helmet currently unavailable)
rElec   +          Harm     .   (cloak currently unavailable)
rCorr   +          Rampage  .   (gloves currently unavailable)
Will    .....      NoTele   +   (boots currently unavailable)
Stlth   +.........              (no amulet)
HPRegen 0.27/turn               w - ring of protection from cold
MPRegen 0.10/turn               (no ring)

@: brilliant, tree-form, resistant, mesmerised
A: stationary, stasis, torment immunity, boosted hp, (horns 2), (retaliatory
headbutt)
a: Renounce Religion


You were on level 6 of the Dungeon.
You worshipped Makhleb.
Makhleb was noncommittal.
You were a tree.
You visited 1 branch of the dungeon, and saw 6 of its levels.

You collected 265 gold pieces.

Inventory:

Hand Weapons
 a - a +0 trident (weapon)
 C - a +1 hand axe of venom
 H - a +1 mace of venom
Armour
 c - a +0 buckler (worn)
 d - a +2 robe of resistance
 k - a +0 cloak
 q - a +6 chain mail (melded)
 s - a scarf of repulsion (melded)
 x - a scarf of repulsion
 L - a +0 pair of gloves (melded)
Magical Staves
 e - a staff of poison
 j - a staff of air
 I - a staff of poison
Jewellery
 w - a ring of protection from cold (left branch)
 B - a ring of ice
 G - a ring of magical power
Wands
 b - a wand of mindburst (4)
 J - a wand of flame (18)
 K - a wand of iceblast (4)
Scrolls
 f - a scroll of vulnerability
 i - 2 scrolls of fog
 n - a scroll of holy word
 r - a scroll of torment {unknown}
 v - a scroll of teleportation {unknown}
 y - a scroll of amnesia {unknown}
 A - a scroll of blinking
Potions
 u - a potion of ambrosia


   Skills:
 + Level 6.8 Fighting
 + Level 9.1 Polearms
 + Level 7.7 Armour
 + Level 1.7 Dodging
 + Level 1.0 Stealth
 + Level 6.0 Shields


You had 7 spell levels left.
You didn't know any spells.
Your spell library was empty.

Dungeon Overview and Level Annotations

Branches:
Dungeon (6/15)
 Temple: D:4-7

Altars:
Makhleb
Qazlal
Sif Muna
Zin

Shops:
D:1 ([   D:3 (

Annotations:
D:6 Maggie


Innate Abilities, Weirdness & Mutations

You are a tree.
Your roots penetrate the ground, keeping you stationary.
You cannot be teleported.
You are immune to unholy pain and torment.
Your maximum health is greatly increased.
Your equipment is partially melded.
((You have a pair of horns on your head.))
((You reflexively headbutt those who attack you in melee.))


Message History

The magic dart hits you but does no damage.
You hit Maggie.
Maggie is heavily wounded.
Maggie mumbles some strange words.
Maggie draws you further into her thrall.
Something hits you but does no damage.
You hit Maggie but do no damage.
Maggie is heavily wounded.
You hit Maggie.
Maggie is heavily wounded.
Maggie gestures at you while chanting.
The bolt of fire hits you but does no damage.
You resist. Something hits you but does no damage.
You puncture Maggie!
Maggie is severely wounded.
You barely miss Maggie.
Maggie is severely wounded.
Maggie hits you with a +0 broad axe.
* * * LOW HITPOINT WARNING * * *
Something hits you but does no damage.
You puncture Maggie!
Maggie is severely wounded.
Maggie gives herself a magical halo, but it quickly sputters out.
Maggie hits you but does no damage.
You hit Maggie.
Maggie is almost dead.
You feel yourself slow down.
You hear some strange, mumbled words.
A puff of flame appears from out of thin air!
You block the puff of flame.
You hit Maggie but do no damage.
Maggie is almost dead.
Maggie hits you with a +0 broad axe!
* * * LOW HITPOINT WARNING * * *
Something hits you but does no damage.
You barely miss Maggie.
Maggie is almost dead.
Maggie points at you and mumbles some strange words.
The bolt of fire hits you! You resist.
You die...

*,*#.....†.###....$.,*
*,,#.####......#**,*,*
*###++#### ##.##### *,*,*
*(.......# #.# *,*,*
*........####.# *,,,*
***..#..#..##...########..*****
*,+...((...'..............,,,,,
*,+...?)...†.@{)########.#***#.
*,*..#..#..###♣.#* #.# ##
*,*........#*#...#* #.# #.
*,*........#,.....# #.# #.
*,**##++####.....#######.#####.
*,**,*,,,,,..###......>........
*,,,,,,*,*..#* *#.####...#####.
**,,,,,*,...* #........# #.
*,,,,,,>...,** *#.####..## #.
*,,,,,,,,,,*,***........# #.


You could see Maggie (mesmerising).

Vanquished Creatures
  2 rime drakes (D:6)
  Grinder (D:5)
  Prince Ribbit (D:5)
  Sigmund (D:5)
  2 black bears
  A necrophage (D:4)
  2 ogres
  A phantom (D:5)
  4 scorpions (D:6)
  A water moccasin skeleton (D:5)
  A jelly (D:4)
  2 hounds (D:5)
  A bullfrog skeleton (D:6)
  An orc priest (D:3)
  2 centaur skeletons
  4 iguanas
  An orc wizard (D:4)
  5 adders
  A white imp (D:6)
  An ufetubus (D:4)
  An adder skeleton (D:4)
  2 worms (D:3)
  6 dart slugs
  9 orcs
  7 endoplasms
  4 giant cockroaches
  6 goblins
  7 hobgoblins
  4 kobolds
  A quokka (D:5)
  6 ball pythons
  5 bats
  5 frilled lizards
  A jackal skeleton (D:4)
  8 rats
107 creatures vanquished.

Notes
Turn   | Place    | Note
-------+----------+-------------------------------------------
     0 | D:1      | ducksouse the Minotaur Fighter began the quest for the Orb.
     0 | D:1      | Reached XP level 1. HP: 19/19 MP: 0/0
   201 | D:1      | Reached XP level 2. HP: 21/27 MP: 1/1
   480 | D:1      | Noticed a golden eye
   493 | D:1      | Found a faded altar of an unknown god.
   495 | D:1      | Noticed a shining eye
   496 | D:1      | Noticed a great orb of eyes
   496 | D:1      | Noticed a shining eye
   592 | D:1      | Found Elid Ocs's Weapon Emporium.
   857 | D:1      | Found Imoihite's Antique Armour Shop.
  1257 | D:2      | Reached skill level 3 in Polearms
  1257 | D:2      | Reached XP level 3. HP: 33/33 MP: 2/2
  2325 | D:3      | Found Keshrogo's Weapon Emporium.
  2348 | D:3      | Reached XP level 4. HP: 40/40 MP: 3/3
  2506 | D:3      | Reached skill level 4 in Polearms
  2937 | D:4      | Reached XP level 5. HP: 40/47 MP: 4/4
  3142 | D:4      | Noticed an ogre
  3152 | D:4      | Killed an ogre
  3153 | D:4      | Reached skill level 5 in Armour
  3153 | D:4      | Reached skill level 1 in Dodging
  3225 | D:4      | Reached skill level 5 in Fighting
  3225 | D:4      | Reached XP level 6. HP: 39/56 MP: 5/5
  3334 | D:4      | Reached skill level 5 in Polearms
  3686 | D:5      | Entered Level 5 of the Dungeon
  3740 | D:5      | Found a stormy altar of Qazlal.
  3753 | D:5      | Became a worshipper of Qazlal Stormbringer
  3835 | D:5      | Identified the -4 pair of boots of a Gauntlet {rF+ Int+4}
  3933 | D:5      | Noticed Sigmund
  3934 | D:5      | Found a shimmering blue altar of Sif Muna.
  3941 | D:5      | Killed Sigmund
  3942 | D:5      | Reached skill level 6 in Polearms
  3942 | D:5      | Reached skill level 5 in Shields
  3942 | D:5      | Reached XP level 7. HP: 49/61 MP: 6/6
  4360 | D:5      | Reached skill level 7 in Polearms
  4466 | D:5      | Noticed Grinder
  4467 | D:5      | Paralysed by Grinder for 4 turns
  4474 | D:5      | Paralysed by Grinder for 3 turns
  4488 | D:5      | Killed Grinder
  4489 | D:5      | Reached XP level 8. HP: 48/70 MP: 7/7
  4607 | D:5      | Noticed Prince Ribbit
  4621 | D:5      | Killed Prince Ribbit
  4622 | D:5      | Reached skill level 8 in Polearms
  5309 | D:6      | Found a burning altar of Makhleb.
  5313 | D:6      | Found a glowing silver altar of Zin.
  5314 | D:6      | Noticed an angel
  5314 | D:6      | Noticed an Executioner
  5330 | D:6      | Fell from the grace of Qazlal
  5330 | D:6      | Became a worshipper of Makhleb the Destroyer
  5425 | D:6      | Reached skill level 9 in Polearms
  5446 | D:6      | Noticed a rime drake
  5446 | D:6      | Noticed a rime drake
  5449 | D:6      | Noticed Maggie
  5451 | D:6      | Reached skill level 1 in Stealth
  5463 | D:6      | Killed a rime drake
  5491 | D:6      | Killed a rime drake
  5518 | D:6      | Killed from afar by Maggie

Illustrated notes

Levels and vault maps discovered:
D:1:      onia_arrival_mini_spirals, layout_basic, serial_shops,
          nicolae_lakefront_shop, nicolae_square_shop,
          hellmonk_ecumenical_altar_watching_god, minmay_unequal
D:2:      layout_loops_ring, ebering_dispersal_statue_hall, minmay_pentomino_q2
D:3:      layout_rooms, serial_shops, shop, chequers_garden, chequers_avenue
D:4:      layout_rooms
D:5:      layout_basic, nicolae_overflow_hidden_temple, kennysheep_little_box,
          uniq_grinder, uniq_sigmund, uniq_prince_ribbit1
D:6:      layout_loops_ring, nemelex_dance_club_becter,
          grunt_temple_overflow_order_and_chaos_2, kennysheep_generic_room_5,
          uniq_maggie, uniq_duvessa

Skill      XL: |  1  2  3  4  5  6  7  8 |
---------------+-------------------------+-----
Armour         | 4 5 6 7 |  7.7
Shields        | 4 5 6 |  6.0
Polearms       | 3 4 6 7 9 |  9.1
Fighting       | 4 5 6 |  6.8
Dodging        | 1 |  1.7
Stealth        | 1 |  1.0

Action                   |  1- 3 |  4- 6 |  7- 9 || total
-------------------------+-------+-------+-------++-------
Melee: Trident           |    83 |   118 |   142 ||   343
       Headbutt          |    10 |    23 |    23 ||    56
  Use: Potion            |       |     3 |     8 ||    11
       Scroll            |       |     4 |     6 ||    10
Armor: Scale mail        |    46 |       |       ||    46
       Chain mail        |     7 |    53 |    92 ||   152
       Skin              |       |       |    13 ||    13
Dodge: Dodged            |    59 |    36 |    56 ||   151
       Repelled          |     2 |     1 |     3 ||     6
Block: Buckler           |    14 |    29 |    29 ||    72

Table legend: (Time is in decaauts)
 A = Elapsed time spent in this place.
 B = Non-inter-level travel time spent in this place.
 C = Inter-level travel time spent in this place.
 D = Time resting spent in this place.
 E = Time spent auto-exploring this place.
 F = Levels seen in this place.
 G = Mean time per level.
                   A        B        C        D        E       F      G
               +--------+--------+--------+--------+--------+-----+--------+
         Total |   5492 |   5492 |      0 |    698 |   1079 |   6 |  915.3 |
       Dungeon |   5492 |   5492 |      0 |    698 |   1079 |   6 |  915.3 |
               +--------+--------+--------+--------+--------+-----+--------+

Top non-repeatable levels by time:
     D:5: 1254 daAuts
     D:1: 1125 daAuts
     D:2: 1063 daAuts
     D:4: 772 daAuts
     D:3: 744 daAuts
     D:6: 532 daAuts
